 Dungeon Sprint DCSS version 0.17-a0-2231-gd80ca38 (webtiles) character file.

36 Adamkad1 the Conjurer (level 5, -7/24 HPs)
             Began as a Spriggan Conjurer on Oct 29, 2015.
             Was a Believer of Vehumet.
             Killed from afar by a steam dragon (16 damage)
             ... with a ball of steam
             ... in the Dungeon (Sprint VI: "Thunderdome").
             The game lasted 00:04:13 (456 turns).

Adamkad1 the Conjurer (Spriggan Conjurer)            Turns: 456, Time: 00:04:13

Health: -7/24      AC:  2    Str:  4      XL:     5   Next: 36%
Magic:  2/13       EV: 20    Int: 18      God:    Vehumet [**....]
Gold:   280        SH:  0    Dex: 15 (16) Spells: 5 memorised, 3 levels left

rFire  . . .     SeeInvis +     n - +1 mace (holy)
rCold  . . .     Clarity  .     a - +0 robe
rNeg   . . .     SustAt   .     (shield restricted)
rPois  .         Gourm    .     (helmet restricted)
rElec  .         Spirit   .     (no cloak)
rCorr  .         Warding  .     (gloves unavailable)
rMut   .         NoTele   +     (boots unavailable)
MR     .....                    (no amulet)
Stlth  +++.......               (no ring)
                                (no ring)

@: very slightly contaminated, very quick, not resistant to hostile
enchantments, fairly stealthy
A: unfitting armour, see invisible, herbivore 3, speed 3, slow metabolism 2
a: Renounce Religion


You were in the Dungeon.
You worshipped Vehumet.
Vehumet was pleased with you.
You were not hungry.

You visited 1 branch You collected 280 gold pieces.

Inventory:

Hand Weapons
 n - a +1 mace of holy wrath (weapon)
Armour
 a - a +0 robe (worn)
Wands
 k - a wand of cold (3)
 l - a wand of fire (4)
Scrolls
 i - 4 scrolls of blinking
 m - 3 scrolls of fog
Potions
 d - a potion of curing
 e - 4 potions of heal wounds
 f - 4 potions of haste
 g - 2 potions of magic
 h - a potion of berserk rage
 j - a potion of resistance
Books
 b - a book of Conjurations

   Spells                             Type                      Level
   a - Magic Dart                     Conjuration                  1
   b - Searing Ray                    Conjuration                  2
   c - Dazzling Spray                 Conjuration/Hexes            3
   d - Fulminant Prism                Conjuration/Hexes            4
   e - Iskenderun's Mystic Blast      Conjuration                  4
   f - Iskenderun's Battlesphere      Conjuration/Charms           5
Comestibles
 c - a bread ration


   Skills:
 + Level 0.2 Fighting
 + Level 5.7 Dodging
 - Level 4.5 Stealth
 * Level 5.0 Spellcasting
 * Level 7.7 Conjurations
 * Level 2.8 Hexes
 + Level 1.0 Evocations


You had 3 spell levels left.
You knew the following spells:

 Your Spells              Type           Power        Failure   Level  Hunger
a - Magic Dart            Conj           ####         1%          1    None
b - Searing Ray           Conj           ####..       1%          2    #......
c - Dazzling Spray        Conj/Hex       ###.....     4%          3    ##.....
d - Iskenderun's Mystic   Conj           ####....     8%          4    ####...
e - Sting                 Conj/Pois      ###.         2%          1    None


Dungeon Overview and Level Annotations

Branches:
Dungeon (1/1)

Altars:
Cheibriados
Dithmenos
Fedhas
Gozag
Kikubaaqudgha
Makhleb
Okawaru
Qazlal
Ru
Sif Muna
Trog
Vehumet
Xom
Yredelemnul
Zin
The Shining One
Jiyva
Lugonu

Shops:
D *[%??*?*:[((!!!!

Annotations:
D exclusion: lightning spire


Innate Abilities, Weirdness & Mutations

You are tiny and cannot use many weapons and most armour.
You have supernaturally acute eyesight.
You are a herbivore.
You cover ground extremely quickly.
You need consume almost no food.


Message History

Ouch! That really hurt!
Casting: Iskenderun's Mystic Blast
Confirm with . or Enter, or press ? or * to list all spells.
Okay, then.
Casting: Iskenderun's Mystic Blast
Confirm with . or Enter, or press ? or * to list all spells.
Aiming: Iskenderun's Mystic Blast
Press: ? - help, Shift-Dir - straight line, f/p - steam dragon
Aim: a steam dragon (heavily wounded)
You miscast Iskenderun's Mystic Blast.
You are very lightly contaminated with residual magic.
Strange energies run through your body.
An insubstantial wisp comes into view.
Casting: Iskenderun's Mystic Blast
Confirm with . or Enter, or press ? or * to list all spells.
You don't have enough magic to cast that spell.
The steam dragon breathes steam at you. The ball of steam hits you!
Ouch! That really hurt!
You die...

#### ##⌠⌠⌠## #.....# ##.....##
##∩.....∩## #∩.......∩#
#_........# #_.@......#
#_.§....._# ###.§.......###
#⌠..§........⌠#
######.8§........8.######
##∩___......###......___∩##
###∩......D.8.# #.8........∩##
##.............###.............
#⌠..........###...###..........


There were no monsters in sight!

Vanquished Creatures
  A gnoll sergeant (D)
  A quasit (D)
  A crimson imp (D)
  An iron imp (D)
  Terence (D)
  An adder (D)
  A kobold (D)
  A giant gecko (D)
8 creatures vanquished.

Notes
Turn   | Place    | Note
--------------------------------------------------------------
     0 | D        | Adamkad1 the Spriggan Conjurer began the quest for the Orb.
     0 | D        | Reached XP level 1. HP: 9/9 MP: 5/5
     4 | D        | Found a glowing golden altar of the Shining One.
     4 | D        | Found a stormy altar of Qazlal.
     5 | D        | Found a corrupted altar of Lugonu.
     6 | D        | Found a viscous altar of Jiyva.
     7 | D        | Found a glowing silver altar of Zin.
     7 | D        | Found a shadowy altar of Dithmenos.
     7 | D        | Found Kuocih's Staff Store.
     7 | D        | Found Wiyd Wiz's Magic Scroll Shop.
     8 | D        | Found Igygg's Must-Have Magic.
     8 | D        | Found Xunanturch's Magic Scroll Shop.
     9 | D        | Round 1.
    10 | D        | Noticed Terence
    12 | D        | Found a burning altar of Makhleb.
    13 | D        | Found an opulent altar of Gozag.
    14 | D        | Found a snail-covered altar of Cheibriados.
    15 | D        | Found Kamma's Bee Food.
    15 | D        | Found a sacrificial altar of Ru.
    15 | D        | Found a basalt altar of Yredelemnul.
    15 | D        | Found Uvetien's Identification Station.
    16 | D        | Found Lejoat Ewee's Jewellery.
    16 | D        | Found Daefonir's Advanced Armour.
    20 | D        | Found a shimmering altar of Xom.
    22 | D        | Found an iron altar of Okawaru.
    22 | D        | Found an ancient bone altar of Kikubaaqudgha.
    22 | D        | Found a bloodstained altar of Trog.
    22 | D        | Found Aclack's Premium Goods.
    22 | D        | Found Ymiuci Epne's Weapon Rack.
    23 | D        | Found Rutocosa's Miscellaneous Merchandise.
    23 | D        | Found Suralec's Basic Armour.
    26 | D        | Found a deep blue altar of Sif Muna.
    27 | D        | Found a blossoming altar of Fedhas.
    29 | D        | Found Wovirch's Do-It-Yourself Clinic.
    30 | D        | Found Sebresye's Bottled Wisdom.
    30 | D        | Found Yleolo's Distillery.
    30 | D        | Found a radiant altar of Vehumet.
    30 | D        | Found Necepas's Distillery.
    39 | D        | Became a worshipper of Vehumet
   101 | D        | Killed Terence
   101 | D        | Reached skill level 4 in Dodging
   101 | D        | Reached XP level 2. HP: 13/13 MP: 2/7
   148 | D        | Learned a level 2 spell: Searing Ray
   148 | D        | Noticed a gnoll sergeant
   185 | D        | Reached * piety under Vehumet
   185 | D        | Offered knowledge of Sting by Vehumet.
   185 | D        | Reached skill level 5 in Conjurations
   185 | D        | Reached XP level 3. HP: 13/16 MP: 5/9
   226 | D        | Killed a gnoll sergeant
   226 | D        | Arena points: 12 (+12) [x2]
   226 | D        | Reached skill level 6 in Conjurations
   226 | D        | Reached XP level 4. HP: 18/21 MP: 2/11
   232 | D        | Learned a level 3 spell: Dazzling Spray
   237 | D        | Learned a level 4 spell: Iskenderun's Mystic Blast
   239 | D        | Learned a level 1 spell: Sting
   293 | D        | Round 2.
   296 | D        | Offered knowledge of Freeze by Vehumet.
   296 | D        | Reached ** piety under Vehumet
   296 | D        | Reached skill level 1 in Hexes
   297 | D        | Reached skill level 5 in Dodging
   297 | D        | Reached skill level 7 in Conjurations
   297 | D        | Reached XP level 5. HP: 24/24 MP: 2/13
   324 | D        | Reached skill level 1 in Evocations
   363 | D        | Arena points: 36 (+24) [x3]
   363 | D        | Reached skill level 5 in Spellcasting
   381 | D        | Round 3.
   411 | D        | Noticed a steam dragon
   455 | D        | Noticed an insubstantial wisp
   456 | D        | Killed from afar by a steam dragon

Vault maps used:
D:        arena_sprint

Action                   |  1- 3 |  4- 6 || total
-------------------------+-------+-------++-------
Melee: Mace              |       |     8 ||     8
 Cast: Magic Dart        |     7 |     2 ||     9
       Searing Ray       |     2 |       ||     2
       Iskenderun's Myst |       |     4 ||     4
Evoke: Wand              |     2 |     1 ||     3
